 Dungeon Crawl Stone Soup version 0.31.0-12-g77e489cdc1 (webtiles) character file.

Game seed: 14069440519416195502

1780 Marvel the Basher (level 8, 0/79 HPs)
             Began as a Troll Fighter on Feb 24, 2024.
             Was a Believer of Okawaru.
             Slain by an orc knight
             ... wielding a +0 trident
              (12 damage)
             ... in a bailey.
             The game lasted 00:10:05 (4504 turns).

Marvel the Basher (Troll Fighter)                   Turns: 4504, Time: 00:10:05

Health: 0/79       AC: 14    Str: 27    XL:     8   Next: 81%
Magic:  0/7        EV:  9    Int:  4    God:    Okawaru [**....]
Gold:   208        SH:  8    Dex:  7    Spells: 7/7 levels left

rFire   . . .        k - +2 eveningstar (protect)
rCold   . . .        c - +1 kite shield
rNeg    . . .        n - +0 steam dragon scales
rPois   .            (helmet restricted)
rElec   .            m - scarf {shadows}
rCorr   .            (gloves unavailable)
SInv    .            (boots unavailable)
Will    .....        f - amulet of guardian spirit
Stlth   +            (no ring)
HPRegen 1.13/turn    (no ring)
MPRegen 0.10/turn

%: guardian spirit
@: mighty, under a protective aura, on berserk cooldown, slowed, very slow
A: large, unfitting armour, claws 3, regeneration 1, shaggy fur 1, tough skin 1,
clumsy 1
a: Renounce Religion, Heroism


You were in a bailey.
You worshipped Okawaru.
Okawaru was pleased with you.
You visited 2 branches of the dungeon, and saw 8 of its levels.
You also visited: Ossuary and Bailey.

You collected 208 gold pieces.

Inventory:

Hand Weapons
 a - a +0 flail
 i - a +4 flail
 k - a +2 eveningstar of protection (weapon)
 s - a +1 long sword of freezing
 t - a +1 whip of venom
Missiles
 u - a throwing net (quivered)
 A - 5 poisoned darts
Armour
 b - a +0 robe
 c - a +1 kite shield (worn)
 m - a scarf of shadows (worn)
 n - +0 steam dragon scales (worn)
 x - a +0 cloak
Jewellery
 f - an amulet of guardian spirit (around neck)
Wands
 y - a wand of quicksilver (8)
 z - a wand of flame (14)
Scrolls
 h - a scroll of enchant weapon
 o - a scroll of vulnerability
 p - 3 scrolls of teleportation
 w - 4 scrolls of identify
 C - a scroll of torment
Potions
 d - a potion of might
 e - 8 potions of curing
 g - a potion of brilliance {unknown}
 j - 2 potions of berserk rage
 l - 4 potions of invisibility
 q - a potion of magic {unknown}
 r - 2 potions of enlightenment
 v - a potion of attraction {unknown}
 B - a potion of ambrosia


   Skills:
 + Level 4.5 Fighting
 + Level 8.1 Maces & Flails
 + Level 0.1 Throwing
 + Level 4.9 Dodging
 + Level 1.1 Stealth
 - Level 2.6 Shields


You had 7 spell levels left.
You didn't know any spells.
Your spell library contained the following spells:

 Spells                   Type           Power      Damage    Failure   Level
 Stone Arrow              Conj/Erth      0%         3d7       98%         3
 Lehudib's Crystal Spear  Conj/Erth      0%         10d2      100%        8
 Summon Small Mammal      Summ           Unusable   N/A       N/A         1
 Call Canine Familiar     Summ           Unusable   N/A       N/A         3
 Animate Armour           Summ/Erth      Unusable   N/A       N/A         4
 Summon Blazeheart Golem  Fire/Summ      Unusable   N/A       N/A         4

Dungeon Overview and Level Annotations

Branches:
Dungeon (7/15)             Temple (1/1) D:4         Ossuary (visited)
 Bailey (1/1)

Altars:
Ashenzari
Cheibriados
Dithmenos
Elyvilon
Fedhas
Gozag
Kikubaaqudgha
Okawaru
Qazlal
Ru
Sif Muna
Trog
Uskayaw
Vehumet
Wu Jian
Xom
Yredelemnul
Zin
The Shining One

Annotations:
D:5 Eustachio


Innate Abilities, Weirdness & Mutations

You are too large for most types of armour.
You have claws for hands.
Your natural rate of healing is unusually fast.
You are covered in fur. (AC +1)
You have tough skin. (AC +1)
You are clumsy. (Dex -2)


Message History

You closely miss the orc knight.
The orc knight is lightly wounded.
You closely miss the orc knight.
The orc knight is lightly wounded.
You block the orc knight's attack.
You hit the orc knight.
Your weapon exudes an aura of protection.
The orc knight is moderately wounded.
You are no longer berserk.
You are exhausted.
You feel yourself slow down. You block the orc knight's attack.
You miss the orc knight.
The orc knight is moderately wounded.
The orc knight closely misses you.
The orc knight hits you with a +0 trident!
You completely miss the orc knight.
The orc knight is moderately wounded.
The orc knight hits you with a +0 trident.
You thump the orc knight!
Your weapon exudes an aura of protection.
The orc knight is moderately wounded.
The orc knight closely misses you.
The orc knight hits you with a +0 trident!
You feel very mighty all of a sudden. The orc knight barely misses you.
The orc knight hits you with a +0 trident!
You bludgeon the orc knight!!
Your weapon exudes an aura of protection.
The orc knight is severely wounded.
You block the orc knight's attack.
You closely miss the orc knight.
The orc knight is severely wounded.
The orc knight hits you with a +0 trident!
* * * LOW HITPOINT WARNING * * *
The orc knight hits you with a +0 trident!
* * * LOW HITPOINT WARNING * * *
You impale the orc knight!!
The orc knight is almost dead.
The orc knight hits you with a +0 trident!
You die...

~~~~~~~~~~....#≈).
~~~~~~~~~≈#∩.##≈..
#######~~~~≈##.#≈≈..
##~~~~##~~~~≈≈≈~≈≈~..
##~~~~~##~~~~~~~~)~~..
##~~#'''##~~~~~~~~~~~..
#~~##∩.∩##~~##~~~~~~~..
#~####'####~##~~~~~~~..
#~')#.@)#)'~##~~~~~~~..
#~###.8o###~##~~~~~~~..
#~')#?.)#.'~##~~~~~~~..
#~#########~# ~~~..
#~~##)#)##~~# ~~~..
##~~#'#'#~~## ~~~..
##~~~~~~~## ~~~..
######### ≈≈~.. #≈≈..


You could see an orc knight.

Vanquished Creatures
  Grinder (D:3)
  A steam dragon (D:7)
  Menkaure (Ossuary)
  A black bear (D:4)
  4 orc warriors (Bailey)
  A sky beast (D:7)
  2 kobold brigands (D:6)
  2 scorpions
  A bombardier beetle (D:3)
  3 orc priests (D:7)
  Crazy Yiuf (D:6)
  A hound (D:6)
  A jelly (D:7)
  A sleepcap (D:6)
  3 mummies (Ossuary)
  4 gnolls
  7 adders
  5 ribbon worms
  A dart slug (D:2)
  17 orcs
  8 ball pythons
  9 bats
  5 endoplasms
  2 giant cockroaches
  10 goblins
  4 hobgoblins
  4 jackals (D:3)
  9 kobolds
  A quokka (D:1)
  3 frilled lizards
  7 gnoll skeletons (Ossuary)
  A gnoll zombie (Ossuary)
  4 goblin skeletons (Ossuary)
  A goblin zombie (Ossuary)
  4 hobgoblin skeletons (Ossuary)
  2 hobgoblin zombies (Ossuary)
  6 kobold skeletons (Ossuary)
  8 kobold zombies (Ossuary)
  2 orc skeletons (Ossuary)
  5 orc zombies (Ossuary)
  9 rats
  2 rat skeletons (Ossuary)
  8 rat zombies (Ossuary)
172 creatures vanquished.

Vanquished Creatures (others)
  A goblin (D:7)
1 creature vanquished.

Grand Total: 173 creatures vanquished

Notes
Turn   | Place    | Note
-------+----------+-------------------------------------------
     0 | D:1      | Marvel the Troll Fighter began the quest for the Orb.
     0 | D:1      | Reached XP level 1. HP: 22/22 MP: 0/0
   212 | D:1      | Reached XP level 2. HP: 29/29 MP: 1/1
   750 | D:2      | Reached skill level 2 in Maces & Flails
   814 | D:2      | Identified the +2 leather armour "Weataqof" {rElec SInv
                  | Stlth+}
   851 | D:2      | Reached XP level 3. HP: 36/36 MP: 2/2
  1380 | D:2      | Reached XP level 4. HP: 41/45 MP: 3/3
  1528 | D:3      | Reached skill level 3 in Maces & Flails
  1687 | D:3      | Reached XP level 5. HP: 53/53 MP: 4/4
  1814 | D:3      | Found a radiant altar of Vehumet.
  1814 | D:3      | Found an opulent altar of Gozag.
  1839 | D:3      | Found a sacrificial altar of Ru.
  1849 | D:3      | Noticed Grinder
  1849 | D:3      | Paralysed by Grinder for 2 turns
  1864 | D:3      | Killed Grinder
  1865 | D:3      | Reached skill level 4 in Maces & Flails
  1865 | D:3      | Reached XP level 6. HP: 9/61 MP: 5/5
  2484 | D:4      | Found a staircase to the Ecumenical Temple.
  2490 | Temple   | Entered the Ecumenical Temple
  2491 | Temple   | Identified a scroll of acquirement
  2491 | Temple   | Acquired a +2 eveningstar of protection
  2502 | Temple   | Gained mutation: Your body sometimes deteriorates upon
                  | taking damage. [potion of mutation]
  2521 | Temple   | Became a worshipper of Warmaster Okawaru
  2638 | D:4      | Reached XP level 7. HP: 56/67 MP: 3/6
  2758 | D:5      | Entered Level 5 of the Dungeon
  2776 | D:5      | Noticed Eustachio
  2854 | D:6      | Reached skill level 5 in Maces & Flails
  2950 | D:6      | Found a sand-covered staircase.
  2954 | Ossuary  | Entered an ossuary
  3269 | Ossuary  | Noticed Menkaure
  3277 | Ossuary  | Killed Menkaure
  3277 | Ossuary  | Reached * piety under Okawaru
  3317 | Ossuary  | Lost mutation: Your body sometimes deteriorates upon taking
                  | damage. [potion of mutation]
  3317 | Ossuary  | Gained mutation: You are clumsy. (Dex -2) [potion of
                  | mutation]
  3400 | D:6      | Reached skill level 6 in Maces & Flails
  3459 | D:6      | Found a runed translucent door.
  3460 | D:6      | Noticed Crazy Yiuf
  3467 | D:6      | Killed Crazy Yiuf
  3870 | D:6      | Reached XP level 8. HP: 68/78 MP: 4/7
  4210 | D:7      | Reached skill level 7 in Maces & Flails
  4262 | D:7      | Reached ** piety under Okawaru
  4263 | D:7      | Reached skill level 1 in Stealth
  4348 | D:7      | Found a flagged portal.
  4354 | Bailey   | Entered a bailey
  4453 | Bailey   | Reached skill level 8 in Maces & Flails
  4480 | Bailey   | Noticed an orc knight
  4504 | Bailey   | Slain by an orc knight

Illustrated notes

Levels and vault maps discovered:
D:1:      tarquinn_simple_flora_water_b, layout_basic
D:2:      layout_basic
D:3:      layout_basic, nicolae_ru_awakened_eye, gammafunk_temple_overflow_wave,
          serial_park_tiny_1, uniq_grinder
D:4:      layout_rooms, minmay_temple_entry_gardened_gates
D:5:      minmay_chambers_of_threes, layout_loops_ring,
          minmay_misc_feat_columns, uniq_eustachio
D:6:      layout_basic, enter_ossuary_5, blue_anna_alchemist,
          uniq_crazy_yiuf_cottage
D:7:      layout_gridville, enter_bailey_3, gammafunk_ghost_stat_death
Temple:   nicolae_temple_superstar
Bailey:   bailey_polearm_2, bailey

Skill      XL: |  1  2  3  4  5  6  7  8 |
---------------+-------------------------+-----
Maces & Flails | 2 3 4 6 8 |  8.1
Fighting       | 3 4 |  4.5
Dodging        | 3 4 |  4.9
Stealth        | 1 |  1.1
Throwing       | |  0.1
Shields        | |  2.6

Action                     |  1- 3 |  4- 6 |  7- 9 || total
---------------------------+-------+-------+-------++-------
  Melee: Flail             |   153 |    70 |       ||   223
         Whip              |       |    66 |       ||    66
         Eveningstar       |       |    18 |   266 ||   284
  Throw: Throwing net      |       |       |     1 ||     1
    Use: Scroll            |       |    13 |     4 ||    17
         Potion            |       |     2 |     5 ||     7
   Stab: Sleeping          |       |       |     1 ||     1
 Armour: Robe              |   105 |   156 |   146 ||   407
         Steam dragon scal |       |       |    30 ||    30
  Dodge: Dodged            |    50 |    83 |    89 ||   222
  Block: Kite shield       |    71 |   100 |   130 ||   301
